 Dungeon Sprint DCSS version 0.27-a0-1273-gec92ba881d (webtiles) character file.

Game seed: 18273563162082077609

1241 mhtbhm the Basher (level 8, -5/73 HPs)
             Began as a Demonspawn Berserker on June 11, 2021.
             Was a High Priest of Trog.
             Succumbed to a killer bee's poison
             ... in the Dungeon (Sprint IV: "Fedhas' Mad Dash").
             The game lasted 00:01:42 (683 turns).

mhtbhm the Basher (Demonspawn Berserker)             Turns: 683, Time: 00:01:43

Health: -5/73      AC:  2    Str: 25    XL:     8   Next: 25%
Magic:  8/8        EV: 14    Int: 10    God:    Trog [*****.]
Gold:   117        SH:  0    Dex: 12    Spells: 7/7 levels left

rFire    . . .     SeeInvis .   a - +0 mace
rCold    . . .     Faith    .   (no shield)
rNeg     . . .     Spirit   .   b - +0 animal skin
rPois    .         Reflect  .   (no helmet)
rElec    .         Harm     .   (no cloak)
rCorr    .         Rampage  .   (no gloves)
Will     .....     NoTele   +   (no boots)
Stlth    ++........             k - amulet of invisibility {+Inv}
HPRegen  0.22/turn              l - +6 ring of strength
MPRegen  0.22/turn              (no ring)

@: lethally poisoned (-5 -> -38), on berserk cooldown, very slightly
contaminated, slowed, invisible (expiring), very slow
A: powered by death 2, magic regeneration
a: Renounce Religion, Evoke Invisibility, Berserk, Trog's Hand, Brothers in Arms


You were in the Dungeon.
You worshipped Trog.
Trog was extremely pleased with you.
You visited 1 branch You collected 117 gold pieces.

Inventory:

Hand Weapons
 a - a +0 mace (weapon)
Armour
 b - a +0 animal skin (worn)
Jewellery
 k - the amulet of invisibility (around neck) {+Inv}
   (You found it in the Dungeon)

   [amulet of nothing]

   It lets you turn invisible.
 l - a +6 ring of strength (left hand)
Scrolls
 i - a scroll of enchant weapon {unknown}
 m - a scroll of fog {unknown}
Potions
 d - a potion of heal wounds
 e - a potion of haste
 f - 2 potions of magic
 g - a potion of berserk rage
 j - a potion of lignification {unknown}


   Skills:
 + Level 10.3 Fighting
 + Level 10.9 Maces & Flails
 + Level 5.0 Armour
 + Level 6.4 Dodging
 + Level 3.0 Stealth
 + Level 4.1 Evocations


You had 7 spell levels left.
You didn't know any spells.
Your spell library was empty.

Dungeon Overview and Level Annotations

Branches:
Dungeon (1/1)

Altars:
Cheibriados
Dithmenos
Elyvilon
Gozag
Hepliaklqana
Kikubaaqudgha
Makhleb
Nemelex Xobeh
Okawaru
Qazlal
Ru
Sif Muna
Trog
Uskayaw
Vehumet
Wu Jian
Xom
Yredelemnul
Zin
The Shining One
Beogh
Jiyva
Lugonu

Shops:
D ((**


Innate Abilities, Weirdness & Mutations

You regenerate health from kills.
You regenerate magic rapidly.


Message History

The killer bee completely misses you. The killer bee barely misses you.
You barely miss the killer bee.
The killer bee is heavily wounded.
You feel sick. The killer bee closely misses you. The killer bee misses you.
The killer bee closely misses you. x2
You closely miss the killer bee.
The killer bee is heavily wounded.
You feel sick. The killer bee misses you. The killer bee closely misses you. x2
You hit the killer bee.
The killer bee is heavily wounded.
You feel sick. The killer bee closely misses you. The killer bee stings you!
You hit the killer bee.
The killer bee is severely wounded.
You flicker for a moment.
You are no longer berserk.
You are exhausted.
You feel yourself slow down.
You feel sick. The killer bee stings you.
* * * LOW HITPOINT WARNING * * *
The killer bee misses you.
The killer bee stings you but does no damage.
Unknown command.
You feel better. The killer bee stings you. x2
You are poisoned.
The killer bee poisons you! The killer bee stings you.
* * * LOW HITPOINT WARNING * * *
The killer bee misses you. The killer bee stings you.
* * * LOW HITPOINT WARNING * * *
You are lethally poisoned!
The killer bee poisons you! The killer bee stings you!
* * * LOW HITPOINT WARNING * * *
You are more poisoned.
The killer bee poisons you! The killer bee misses you. x2
The killer bee stings you.
* * * LOW HITPOINT WARNING * * *
You are more poisoned.
The killer bee poisons you! The killer bee misses you. x2
The killer bee closely misses you.
Blink to where?
Press: ? - help, Dir - move target
As you read the scroll of blinking, it crumbles to dust.
You die...

###########################
#<..P#.....#.....#.⌠._._._.
#PP..†.....'.#.(.'.._._._._
#PPPP#.....#.#...#..._._._.
###############'##.._._._._
#...♣.....@..'...#._._._._.
#.yyy..♣.....#...##########
#.y§..♣..♣..######
##+####+#####


You could see 2 killer bees.

Vanquished Creatures
  2 wandering mushrooms (D)
  A burning bush (D)
  A queen bee (D)
  3 scorpions (D)
  4 oklob saplings (D)
  2 spriggans (D)
  A river rat (D)
  A rat (D)
15 creatures vanquished.

Notes
Turn   | Place    | Note
-------+----------+-------------------------------------------
     0 | D        | mhtbhm the Demonspawn Berserker began the quest for the
                  | Orb.
     0 | D        | Reached XP level 1. HP: 18/18 MP: 1/1
    11 | D        | Gained mutation: You regenerate a little health from kills.
                  | [demonic ancestry]
    11 | D        | Reached XP level 2. HP: 25/25 MP: 2/2
    66 | D        | Noticed an oklob sapling
    67 | D        | Killed an oklob sapling
    67 | D        | Reached ** piety under Trog
    68 | D        | Gained mutation: You regenerate health from kills. [demonic
                  | ancestry]
    68 | D        | Reached XP level 3. HP: 32/32 MP: 3/3
   204 | D        | Noticed a scorpion
   205 | D        | Found the amulet of invisibility {+Inv}
   212 | D        | Killed a scorpion
   213 | D        | Reached skill level 5 in Maces & Flails
   213 | D        | Reached XP level 4. HP: 39/40 MP: 4/4
   290 | D        | Found an opulent altar of Gozag.
   290 | D        | Found a hazy altar of Hepliaklqana.
   290 | D        | Found a burning altar of Makhleb.
   290 | D        | Found a sparkling altar of Nemelex Xobeh.
   290 | D        | Found a snail-covered altar of Cheibriados.
   290 | D        | Found a sacrificial altar of Ru.
   290 | D        | Found a shimmering blue altar of Sif Muna.
   290 | D        | Found a shimmering altar of Xom.
   290 | D        | Found a basalt altar of Yredelemnul.
   291 | D        | Found a viscous altar of Jiyva.
   291 | D        | Found a bloodstained altar of Trog.
   291 | D        | Found an ornate altar of the Wu Jian Council.
   292 | D        | Found an iron altar of Okawaru.
   292 | D        | Found a shadowy altar of Dithmenos.
   293 | D        | Found an ancient bone altar of Kikubaaqudgha.
   293 | D        | Found a hide-covered altar of Uskayaw.
   294 | D        | Found a stormy altar of Qazlal.
   295 | D        | Found a corrupted altar of Lugonu.
   295 | D        | Found a radiant altar of Vehumet.
   303 | D        | Reached XP level 5. HP: 47/47 MP: 3/5
   366 | D        | Reached *** piety under Trog
   453 | D        | Reached skill level 1 in Stealth
   453 | D        | Reached skill level 1 in Evocations
   457 | D        | Reached XP level 6. HP: 56/56 MP: 6/6
   471 | D        | Found Jaygo's Weapon Shop.
   471 | D        | Found Fygonk's Weapon Emporium.
   517 | D        | Noticed a burning bush
   517 | D        | Noticed a wandering mushroom
   518 | D        | Noticed a wandering mushroom
   530 | D        | Killed a wandering mushroom
   530 | D        | Reached **** piety under Trog
   531 | D        | Reached skill level 5 in Dodging
   532 | D        | Gained mutation: You regenerate magic rapidly. [demonic
                  | ancestry]
   532 | D        | Reached XP level 7. HP: 45/64 MP: 4/7
   536 | D        | Killed a burning bush
   537 | D        | Reached skill level 10 in Maces & Flails
   542 | D        | Killed a wandering mushroom
   543 | D        | Reached skill level 10 in Fighting
   543 | D        | Reached XP level 8. HP: 62/72 MP: 6/8
   546 | D        | Found Ukiodd's General Store.
   546 | D        | Found Guimis's Assorted Antiques.
   620 | D        | Reached ***** piety under Trog
   657 | D        | Noticed a queen bee
   675 | D        | Killed a queen bee
   676 | D        | Reached skill level 5 in Armour
   683 | D        | Succumbed to a killer bee's poison

Illustrated notes

Levels and vault maps discovered:
D:        dungeon_sprint_fedhas [sprint_temple]

Skill      XL: |  1  2  3  4  5  6  7  8 |
---------------+-------------------------+-----
Maces & Flails | 3 4 5 6 7 9 10 | 10.9
Armour         | 2 3 4 5 |  5.0
Dodging        | 2 3 4 5 6 |  6.4
Fighting       | 4 6 7 9 10 | 10.3
Stealth        | 1 2 3 |  3.0
Evocations     | 1 2 3 4 |  4.1

Action                   |  1- 3 |  4- 6 |  7- 9 || total
-------------------------+-------+-------+-------++-------
Melee: Mace              |    14 |    27 |    26 ||    67
Invok: Berserk           |     3 |     4 |     2 ||     9
 Abil: Evoke Invisibilit |       |     2 |     1 ||     3
  Use: Scroll            |       |       |     1 ||     1
       Potion            |       |       |     1 ||     1
 Stab: Invisible         |       |     1 |     1 ||     2
Armor: Animal skin       |     1 |       |     4 ||     5
Dodge: Dodged            |     5 |    14 |    45 ||    64

Table legend: (Time is in decaauts)
 A = Elapsed time spent in this place.
 B = Non-inter-level travel time spent in this place.
 C = Inter-level travel time spent in this place.
 D = Time resting spent in this place.
 E = Time spent auto-exploring this place.
 F = Levels seen in this place.
 G = Mean time per level.
                   A        B        C        D        E       F      G
               +--------+--------+--------+--------+--------+-----+--------+
         Total |    743 |    743 |      0 |    481 |     32 |   1 |  743.0 |
       Dungeon |    743 |    743 |      0 |    481 |     32 |   1 |  743.0 |
               +--------+--------+--------+--------+--------+-----+--------+

Top non-repeatable levels by time:
       D: 743 daAuts
